 Dungeon Crawl Stone Soup version 0.17-a0-1637-g5d65775 (webtiles) character file.

185 ithil the Ruffian (level 5, 0/45 (46) HPs)
             Began as a Ghoul Monk on Aug 7, 2015.
             Slain by a scorpion (3 damage)
             ... on level 4 of the Dungeon.
             The game lasted 00:25:44 (3369 turns).

ithil the Ruffian (Ghoul Monk)                      Turns: 3369, Time: 00:25:44

HP:   0/45 (46)     AC:  4    Str: 16    XL:     5   Next: 64%
MP:   4/4           EV: 13    Int:  5    God:
Gold: 144           SH:  0    Dex: 11    Spells: 0 memorised, 4 levels left

rFire  . . .     SeeInvis .       - Unarmed
rCold  + . .     Clarity  .     a - +1 robe
rNeg   + + +     SustAt   .     (no shield)
rPois  ∞         Gourm    .     (no helmet)
rElec  .         Spirit   .     (no cloak)
rCorr  .         Warding  .     g - +0 pair of gloves
rMut   .         Stasis   .     (no boots)
MR     .....                    (no amulet)
Stlth  +++.......               (no ring)
                                i - ring of stealth

@: rotting, not resistant to hostile enchantments, fairly stealthy
A: rotting body, claws 1, carnivore 3, cold resistance 1, negative energy
resistance 3, slow healing 1, torment resistance, unbreathing
a: no special abilities


You were on level 4 of the Dungeon.
You were not hungry.

You visited 1 branch of the dungeon, and saw 4 of its levels.

You collected 144 gold pieces.

Inventory:

Hand weapons
 l - a +2 hunting sling of flaming
 n - a +0 falchion
Missiles
 e - 16 sling bullets
 h - 131 stones (quivered)
Armour
 a - a +1 robe (worn)
 b - a cursed +0 robe
 c - a +0 ring mail
 d - a +0 ring mail
 f - a +0 scale mail
 g - a +0 pair of gloves (worn)
 j - a cursed +0 leather armour
 o - a +0 leather armour
 p - a +0 chain mail
Jewellery
 i - a ring of stealth (left hand)
 s - an uncursed amulet of rage
Scrolls
 k - a scroll of enchant weapon
 m - a scroll of remove curse
 t - a scroll of identify
Potions
 q - a potion of curing {unknown}


   Skills:
 + Level 4.0 Fighting
 + Level 0.6 Throwing
 + Level 3.8 Dodging
 + Level 3.7 Stealth
 + Level 5.2 Unarmed Combat


You had 4 spell levels left.
You didn't know any spells.

Dungeon Overview and Level Annotations

Branches:
Dungeon (4/15)
 Temple: D:4-7

Altars:
Elyvilon

Annotations:
D:4 Rayvis's ghost, average MiFi


Innate Abilities, Weirdness & Mutations

Your body is rotting away.
You thrive on raw meat.
You are immune to poison.
You have sharp fingernails.
You are carnivorous and can eat meat at any time.
Your flesh is cold resistant.
You are immune to negative energy.
You heal slowly when monsters are visible.
You are immune to unholy pain and torment.
You can survive without breathing.


Message History

The bat barely misses you. The bat hits you.
* * * LOW HITPOINT WARNING * * *
Rayvis's ghost shouts, "They lied to you.
The Dungeon just goes down and down forever."
The bat hits you but does no damage. The bat barely misses you.
The bat hits you but does no damage. The bat closely misses you.
The bat hits you but does no damage. The bat hits you but does no damage.
You miss the bat. The bat barely misses you.
The bat hits you but does no damage.
You closely miss the bat. The bat barely misses you. The bat misses you.
You barely miss the bat. The bat hits you but does no damage.
You hit the bat.
You kill the bat!
You hit the scorpion but do no damage. The scorpion stings you!
* * * LOW HITPOINT WARNING * * *
You hit the scorpion but do no damage. The scorpion stings you.
You die...

##....................####.
##.................#####..
##...............###.....
##............##........ #
##..<.......##...######
##########
#.......[.###..##
)........####.......## #.##
..........# ##....### #.
.######...## ###@## #. ##
##...####s## #.
.######....##..W# #.
...##..........##
.........##....#
.......#####...# ......##
#....# .......# ##.....
.......# #.....#


You could see a scorpion and Rayvis's ghost.

Vanquished Creatures
  A giant frog skeleton (D:4)
  A worker ant (D:4)
  5 adders
  An ooze (D:1)
  3 worms
  3 giant geckos
  12 bats
  4 goblins
  9 hobgoblins
  3 quokkas (D:2)
  A ball python (D:1)
  4 giant cockroaches
  4 giant newts
  6 jackals
  11 kobolds
  6 rats
74 creatures vanquished.

Notes
Turn   | Place    | Note
--------------------------------------------------------------
     0 | D:1      | ithil the Ghoul Monk began the quest for the Orb.
     0 | D:1      | Reached XP level 1. HP: 19/19 MP: 0/0
   283 | D:1      | Reached XP level 2. HP: 13/26 MP: 1/1
   821 | D:2      | Reached XP level 3. HP: 29/29 MP: 2/2
  1050 | D:2      | Reached skill level 5 in Unarmed Combat
  1551 | D:2      | Reached XP level 4. HP: 31/38 MP: 3/3
  2156 | D:3      | Noticed an ogre
  2375 | D:3      | Found a white marble altar of Elyvilon.
  2789 | D:3      | Reached XP level 5. HP: 46/46 MP: 4/4
  3332 | D:4      | Noticed Rayvis's ghost (average MiFi)
  3369 | D:4      | Slain by a scorpion

Vault maps used:
D:1:      dpeg_arrival_boxorama, minmay_misc_feat_encased
D:3:      first_bread, elyvilon_altar_1
D:4:      old_forge

Action                   |  1- 3 |  4- 6 || total
-------------------------+-------+-------++-------
Melee: Unarmed           |    99 |   160 ||   259
 Fire: Hunting sling     |       |     2 ||     2
Throw: Stone             |    18 |     8 ||    26
  Use: Scroll            |     1 |     7 ||     8
       Potion            |     2 |     5 ||     7
 Stab: Sleeping          |     6 |    13 ||    19
  Eat: Chunk             |    15 |    15 ||    30
       Meat ration       |       |     1 ||     1
       Royal jelly       |       |     1 ||     1
